 Dungeon Crawl Stone Soup version 0.22.1 (webtiles) character file.

340 Korosensei the Skirmisher (level 6, 0/47 HPs)
             Began as an Octopode Assassin on Sept 18, 2018.
             Was a Believer of Uskayaw.
             Slain by a scorpion (9 damage)
             ... on level 5 of the Dungeon.
             The game lasted 00:04:22 (3756 turns).

Korosensei the Skirmisher (Octopode Assassin)       Turns: 3756, Time: 00:04:22

Health: 0/47       AC:  1    Str: 11    XL:     6   Next: 56%
Magic:  6/6        EV: 12    Int: 13    God:    Uskayaw [**....]
Gold:   130        SH:  3    Dex: 15    Spells: 5/5 levels left

rFire    . . .     SeeInvis .   a - +2 dagger
rCold    + . .     Gourm    .   y - +0 buckler
rNeg     . . .     Faith    .   (helmet restricted)
rPois    .         Spirit   .   (no amulet)
rElec    .         Reflect  .   B - ring of protection from cold
rCorr    .         Harm     .   (no ring)
MR       .....                  (no ring)
Stlth    ++++......             (no ring)
HPRegen  0.15/turn              (no ring)
MPRegen  0.10/turn              (no ring)
                                (no ring)
                                (no ring)

@: lethally poisoned (0 -> -29)
A: almost no armour, stealthy swim, amphibious, 8 rings, constrict 8, camouflage
1, gelatinous body 1
a: Stomp, Line Pass, Renounce Religion


You were on level 5 of the Dungeon.
You worshipped Uskayaw.
Uskayaw was noncommittal.
You were hungry.

You visited 2 branches of the dungeon, and saw 6 of its levels.

You collected 284 gold pieces.
You spent 154 gold pieces at shops.

Inventory:

Hand Weapons
 a - a +2 dagger (weapon)
 b - a +0 blowgun
Missiles
 c - 8 poisoned needles
 d - 2 curare-tipped needles
 e - 5 needles of sleeping
Armour
 y - a +0 buckler (worn)
Jewellery
 B - a ring of protection from cold (left tentacle)
Wands
 q - a wand of scattershot (6)
Scrolls
 g - 4 scrolls of teleportation {unknown}
 h - 4 scrolls of remove curse {unknown}
 j - 4 scrolls of identify {unknown}
 l - 3 scrolls of random uselessness {unknown}
 n - a scroll of fear {unknown}
 o - a scroll of immolation {unknown}
 r - 3 scrolls of fog {unknown}
 s - 2 scrolls of enchant armour {unknown}
 w - a scroll of enchant weapon {unknown}
 x - a scroll of holy word {unknown}
 A - a scroll of magic mapping {unknown}
Potions
 i - a potion of agility {unknown}
 k - 3 potions of heal wounds {unknown}
 m - a potion of curing {unknown}
 p - a potion of cancellation {unknown}
 t - 2 potions of degeneration {unknown}
 u - a potion of flight {unknown}
 v - a potion of ambrosia {unknown}
 z - a potion of brilliance {unknown}
 C - a potion of mutation {unknown}
Comestibles
 f - 6 rations


   Skills:
 + Level 6.8 Fighting
 - Level 2.0 Short Blades
 - Level 2.0 Throwing
 - Level 1.0 Dodging
 - Level 5.3 Stealth


You had 5 spell levels left.
You didn't know any spells.
Your spell library was empty.

Dungeon Overview and Level Annotations

Branches:
Dungeon (5/15)             Temple (1/1) D:4

Altars:
Ashenzari
Elyvilon
Makhleb
Okawaru
Ru
Trog
Uskayaw
Vehumet
Xom
Yredelemnul
Zin

Shops:
D:4 *


Innate Abilities, Weirdness & Mutations

You cannot wear most types of armour.
You are very stealthy in the water. (Stealth+)
You are amphibious.
You can wear up to eight rings at the same time.
You can use your tentacles to constrict eight enemies at once.
Your skin changes colour to match your surroundings (Stealth+).
Your rubbery body absorbs attacks. (AC +1, EV +1)


Message History

You hit the scorpion.
The scorpion is heavily wounded.
You constrict the scorpion.
You feel sick. The scorpion stings you.
You are too injured to fight recklessly!
You are too injured to fight recklessly!
You are too injured to fight recklessly!
You hit the scorpion but do no damage.
The scorpion is heavily wounded.
You constrict the scorpion.
You feel sick. The scorpion stings you!
* * * LOW HITPOINT WARNING * * *
You are more poisoned.
The scorpion poisons you!
You can now pass through a line of other dancers.
Okay, then.
You hit the scorpion but do no damage. You squeeze the scorpion.
The scorpion is severely wounded.
You constrict the scorpion.
* * * LOW HITPOINT WARNING * * *
You feel sick. The scorpion stings you!
You die...

#........'..........#......
#........##################
#####'#### #.########
#........# #......).#
#........# #........####
##?...@s....# ####+##....#
### ...# #.. Z.# #.. .# #..
# #.. #.. #.. #..


You could see a scorpion and a quokka skeleton (dormant).

Vanquished Creatures
  2 howler monkeys (D:4)
  A jelly (D:5)
  A bullfrog skeleton (D:5)
  2 worker ants (D:4)
  4 adders
  An ooze (D:1)
  An adder zombie (D:5)
  A worm (D:2)
  3 dart slugs
  3 leopard geckos (D:1)
  4 orcs
  3 ball pythons
  13 giant cockroaches
  6 goblins
  9 hobgoblins
  12 jackals
  2 quokkas (D:3)
  9 bats
  5 frilled lizards
  10 kobolds
  2 rats (D:1)
94 creatures vanquished.

Vanquished Creatures (others)
  A quokka (D:2)
1 creature vanquished.

Grand Total: 95 creatures vanquished

Notes
Turn   | Place    | Note
-------+----------+-------------------------------------------
     0 | D:1      | Korosensei the Octopode Assassin began the quest for the
                  | Orb.
     0 | D:1      | Reached XP level 1. HP: 14/14 MP: 1/1
    31 | D:1      | Reached XP level 2. HP: 5/20 MP: 2/2
    65 | D:1      | Reached skill level 3 in Fighting
   414 | D:1      | Reached XP level 3. HP: 13/26 MP: 3/3
  1113 | D:2      | Found a faded altar of an unknown god.
  1207 | D:2      | Found a white marble altar of Elyvilon.
  1261 | D:2      | Reached skill level 4 in Fighting
  1281 | D:2      | Found a burning altar of Makhleb.
  1326 | D:2      | Reached XP level 4. HP: 25/33 MP: 4/4
  2003 | D:3      | Found a sacrificial altar of Ru.
  2293 | D:3      | Found a shimmering altar of Xom.
  2332 | D:3      | Reached skill level 5 in Fighting
  2334 | D:3      | Reached XP level 5. HP: 26/39 MP: 5/5
  2888 | D:4      | Found a staircase to the Ecumenical Temple.
  2932 | Temple   | Entered the Ecumenical Temple
  3023 | Temple   | Became a worshipper of Uskayaw the Reveler
  3063 | D:4      | Reached * piety under Uskayaw
  3105 | D:4      | Reached skill level 6 in Fighting
  3105 | D:4      | Reached XP level 6. HP: 36/46 MP: 6/6
  3105 | D:4      | Reached ** piety under Uskayaw
  3154 | D:4      | Found Boquroc's Assorted Antiques.
  3172 | D:4      | Bought a scroll labeled SIRIDO REOGUIRCH for 20 gold pieces
  3172 | D:4      | Bought a smoky sapphire potion for 18 gold pieces
  3172 | D:4      | Bought a scroll labeled SIRIDO REOGUIRCH for 20 gold pieces
  3172 | D:4      | Bought a scroll labeled CYCWEI WEASEU for 20 gold pieces
  3172 | D:4      | Bought a scroll labeled KEAJ NECRIEFU for 20 gold pieces
  3172 | D:4      | Bought 2 glowing pink potions for 36 gold pieces
  3172 | D:4      | Bought a scroll labeled LIYRED OPESOSH for 20 gold pieces
  3226 | D:4      | Reached *** piety under Uskayaw
  3428 | D:5      | Entered Level 5 of the Dungeon
  3756 | D:5      | Slain by a scorpion

Skill      XL: |  1  2  3  4  5 |
---------------+----------------+-----
Fighting       | 3 4 5 6 |  6.8
Short Blades   | |  2.0
Throwing       | |  2.0
Dodging        | |  1.0
Stealth        | |  5.3

Action                   |  1- 3 |  4- 6 || total
-------------------------+-------+-------++-------
Melee: Dagger            |    63 |   120 ||   183
       Constrict         |    17 |    28 ||    45
       Tentacles         |    11 |    19 ||    30
 Stab: Sleeping          |    16 |    18 ||    34
       Distracted        |       |     2 ||     2
  Eat: Chunk             |     1 |     7 ||     8
Armor: Skin              |     3 |     3 ||     6
Dodge: Dodged            |    27 |    45 ||    72
Block: Buckler           |       |     1 ||     1
